Map: Efflorescence LE

Players

qqq - Winner!

  • Race: Protoss Protoss
  • League: Platinum
  • Spawn Location: 12:00

Massa - Winner!

  • Race: Terran Terran
  • League: Gold
  • Spawn Location: 3:00

madamepipi

  • Race: Zerg Zerg
  • League: Diamond
  • Spawn Location: 6:00

LePtiTondu

  • Race: Terran Terran
  • League: Gold
  • Spawn Location: 9:00

VOD

Have the link to the VOD?

Description

Time

  • Played on: Aug. 26, 2020, 12:11 p.m.
  • Length: 15:20
Show
View Real Time Build Order
Export as new Build Order

qqq Protoss - Winner!

Build Orders:  

Get SALT Encoding   

  12  0:00  Probe  
  13  0:16  Pylon  
  13  0:30  Probe  
  14  0:42  Probe  
  15  0:44  Forge  
  15  0:54  Probe  
  16  1:07  Probe  
  17  1:12  Pylon  
  17  1:21  Probe  
  18  1:33  Pylon  
  18  1:35  Pylon  
  18  1:37  Pylon  
  18  1:52  Photon Cannon  
  17  1:59  Photon Cannon  
  16  2:20  Nexus  
  16  2:38  Probe  
  17  2:49  Photon Cannon  
  17  2:50  Probe, Gateway  
  18  2:53  Pylon  
  18  3:10  Probe  
  18  3:12  Assimilator  
  19  3:17  Assimilator  
  19  3:22  Probe  
  20  3:34  Probe  
  20  3:35  Photon Cannon  
  21  3:46  Probe x2  
  23  3:58  Probe x2  
  23  4:02  Cybernetics Core  
  25  4:10  Probe x2  
  27  4:21  Pylon  
  27  4:22  Probe  
  27  4:23  Probe  
  29  4:34  Probe  
  29  4:35  Probe  
  31  4:41  Pylon  
  31  4:46  Probe  
  31  4:47  Probe  
  31  4:48  Stargate  
  33  4:56  Assimilator  
  33  4:58  Probe  
  33  4:59  Probe  
  35  5:01  Assimilator  
  35  5:04  Stargate  
  35  5:09  Photon Cannon  
  35  5:10  Probe  
  35  5:11  Probe  
  37  5:22  Probe  
  37  5:23  Probe  
  39  5:29  Pylon  
  39  5:35  Phoenix  
  42  5:36  Nexus  
  41  5:51  Photon Cannon, Phoenix  
  41  5:53  Photon Cannon  
  43  6:02  Photon Cannon  
  43  6:08  Protoss Air Weapons Level 1  
  43  6:13  Photon Cannon  
  43  6:18  Pylon  
  43  6:29  Phoenix x2  
  47  6:39  Assimilator  
  47  6:43  Assimilator  
  47  6:51  Probe (Chrono Boost)  
  48  6:54  Phoenix  
  51  7:03  Probe (Chrono Boost)  
  51  7:07  Probe (Chrono Boost), Phoenix  
  51  7:08  Probe (Chrono Boost)  
  55  7:18  Probe  
  55  7:19  Phoenix  
  56  7:30  Probe  
  56  7:32  Phoenix  
  54  7:38  Probe  
  56  7:44  Probe, Phoenix  
  56  7:50  Probe  
  59  7:56  Probe  
  59  7:57  Phoenix  
  62  8:02  Probe  
  63  8:08  Probe  
  63  8:09  Phoenix  
  66  8:14  Probe  
  65  8:20  Probe  
  65  8:22  Phoenix  
  65  8:26  Probe  
  67  8:32  Probe  
  68  8:34  Phoenix  
  70  8:42  Fleet Beacon  
  70  8:44  Probe  
  70  8:48  Protoss Air Armor Level 1  
  71  8:54  Phoenix  
  73  8:56  Probe  
  73  8:59  Phoenix  
  76  9:09  Probe  
  69  9:21  Probe  
  70  9:29  Phoenix  
  75  9:32  Phoenix  
  75  9:33  Probe  
  73  9:54  Phoenix  
  73  9:56  Stargate  
  73  9:57  Phoenix  
  73  9:58  Probe  
  76  10:10  Probe  
  73  10:19  Phoenix  
  73  10:21  Nexus  
  75  10:22  Probe, Phoenix  
  78  10:30  Nexus  
  78  10:33  Anion Pulse-Crystals, Pylon  
  78  10:34  Probe  
  78  10:35  Pylon  
  79  10:42  Stargate  
  79  10:43  Pylon  
  79  10:44  Carrier  
  79  10:46  Probe, Pylon  
  86  10:54  Carrier  
  86  10:55  Phoenix  
  94  11:00  Nexus  
  94  11:03  Pylon  
  94  11:05  Pylon  
  92  11:20  Phoenix  
  92  11:23  Photon Cannon  
  92  11:25  Photon Cannon  
  94  11:28  Photon Cannon  
  94  11:42  Photon Cannon  
  94  11:43  Probe, Photon Cannon  
  94  11:45  Tempest  
  94  11:46  Photon Cannon  
  100  11:49  Probe  
  100  11:50  Probe  
  102  11:55  Probe, Photon Cannon  
  102  11:58  Photon Cannon  
  103  12:01  Photon Cannon, Phoenix  
  103  12:02  Probe x2  
  103  12:07  Probe  
  108  12:11  Phoenix  
  108  12:14  Probe x2  
  112  12:17  Shield Battery  
  112  12:18  Photon Cannon  
  112  12:19  Probe x2  
  114  12:26  Probe x2, Phoenix, Protoss Air Weapons Level 2  
  118  12:31  Probe  
  118  12:33  Robotics Facility  
  118  12:35  Void Ray  
  118  12:37  Stargate  
  119  12:38  Probe  
  119  12:39  Phoenix  
  119  12:43  Phoenix  
  119  12:44  Probe x2  
  130  12:49  Photon Cannon  
  130  12:50  Probe  
  131  12:55  Phoenix  
  131  12:56  Probe x2  
  135  13:02  Probe  
  136  13:08  Probe  
  137  13:14  Mothership  
  137  13:19  Pylon  
  145  13:21  Observer  
  145  13:22  Phoenix  
  145  13:23  Phoenix, Pylon  
  145  13:26  Carrier, Pylon  
  152  13:44  Carrier  
  158  13:56  Probe x3  
  158  13:59  Assimilator  
  159  14:03  Assimilator x2  
  159  14:07  Photon Cannon, Assimilator  
  159  14:08  Probe x2  
  161  14:13  Photon Cannon  
  161  14:15  Photon Cannon  
  161  14:17  Shield Battery  
  161  14:19  Shield Battery  
  161  14:20  Probe x3  
  161  14:23  Assimilator  
  176  14:28  Assimilator  
  176  14:32  Probe x2  
  176  14:33  Probe  
  175  14:44  Probe x2  
  175  14:45  Probe  
Show
View Real Time Build Order
Export as new Build Order

Massa Terran - Winner!

Build Orders: Gas First Reaper Expand 

Get SALT Encoding   

  12  0:02  SCV  
  13  0:14  SCV  
  14  0:23  Supply Depot  
  14  0:26  SCV  
  15  0:33  Refinery  
  15  0:44  SCV  
  15  0:46  Barracks  
  16  0:56  SCV  
  17  1:08  SCV  
  18  1:20  SCV  
  19  1:34  Reaper  
  20  1:42  Command Center  
  20  1:50  Orbital Command  
  20  2:05  Marine  
  21  2:10  Refinery  
  21  2:12  Factory  
  21  2:45  Marine  
  22  2:51  SCV  
  22  3:00  Factory Tech Lab, Barracks  
  22  3:03  SCV  
  22  3:04  Barracks Tech Lab  
  23  3:15  SCV  
  24  3:20  Siege Tank  
  24  3:26  Supply Depot  
  27  3:27  SCV  
  27  3:28  Marauder  
  27  3:30  Stimpack  
  27  3:33  SCV  
  31  3:40  SCV  
  32  3:45  SCV  
  33  3:50  Barracks Reactor, Marauder  
  33  3:52  SCV, Supply Depot  
  36  4:01  Orbital Command  
  36  4:04  SCV  
  36  4:08  Widow Mine  
  39  4:11  Marauder  
  39  4:16  SCV  
  42  4:24  Supply Depot  
  41  4:34  SCV x2  
  43  4:40  Engineering Bay  
  43  4:46  SCV, Marauder, Marine x2  
  43  4:47  SCV  
  43  4:51  Starport  
  49  4:58  SCV, Siege Tank  
  53  5:04  Marine x2  
  55  5:07  Marauder  
  55  5:12  Barracks  
  57  5:17  Combat Shield  
  58  5:21  SCV x2  
  58  5:22  Marine  
  60  5:29  Marauder  
  60  5:31  Missile Turret  
  60  5:35  Refinery  
  62  5:38  Refinery  
  62  5:40  Supply Depot x2  
  62  5:42  Supply Depot  
  62  6:00  Supply Depot  
  62  6:01  SCV x2, Marine  
  62  6:02  Widow Mine, Marauder  
  69  6:04  Supply Depot  
  69  6:10  Missile Turret  
  69  6:11  Terran Infantry Weapons Level 1  
  69  6:18  Engineering Bay  
  69  6:23  Widow Mine, Missile Turret  
  71  6:31  Missile Turret  
  71  6:46  Marauder  
  73  6:47  Barracks Reactor  
  73  6:50  SCV x2  
  75  6:56  Command Center  
  75  6:58  Terran Infantry Armor Level 1  
  75  7:02  SCV x2, Marine  
  75  7:07  Marauder  
  80  7:14  SCV, Medivac  
  83  7:25  Infernal Pre-Igniter  
  83  7:28  Siege Tank  
  83  7:29  Marauder  
  88  7:30  Concussive Shells  
  88  7:31  Marine x2  
  88  7:32  Marine  
  91  7:44  Medivac  
  91  7:51  Marauder  
  95  8:04  Siege Tank  
  98  8:07  Marine x4  
  98  8:12  Marauder  
  104  8:25  Marine x4  
  108  8:33  Marauder  
  110  8:43  Marine x4  
  114  8:55  Marauder  
  113  9:00  Marine  
  113  9:01  Marine x2  
  108  9:16  Marauder  
  96  9:33  Marine  
  96  9:34  Marine x3  
  96  9:38  Marauder  
  86  9:44  Orbital Command  
  86  9:51  Marine, Medivac  
  86  9:52  Marine x3  
  92  9:53  Barracks  
  92  9:54  Barracks  
  92  9:56  Barracks, Siege Tank  
  92  9:59  Marauder  
  96  10:09  Marine  
  96  10:10  Marine x3  
  100  10:20  Marauder  
  100  10:21  Medivac  
  104  10:25  Command Center  
  104  10:27  Marine x4  
  111  10:28  Siege Tank  
  96  10:42  Marauder  
  95  11:00  Armory  
  95  11:03  Armory  
  95  11:07  Barracks Reactor x2  
  95  11:08  Barracks Tech Lab  
  95  11:12  SCV  
  95  11:13  SCV x2  
  95  11:17  Starport Tech Lab  
  98  11:25  SCV x3  
  101  11:27  Command Center  
  101  11:37  SCV  
  105  11:40  Raven  
  105  11:44  SCV  
  105  11:45  SCV  
  105  11:46  Planetary Fortress  
  106  11:49  SCV  
  106  11:51  Thor  
  113  11:55  Marauder x2, Marine  
  113  11:56  Marine x7  
  113  11:57  SCV x2  
  113  12:01  SCV  
  128  12:05  Terran Infantry Weapons Level 2  
  128  12:09  SCV x2  
  128  12:13  Refinery, Marine x2  
  128  12:15  Refinery  
  132  12:29  Supply Depot  
  132  12:31  Supply Depot x2  
  132  12:33  Supply Depot  
  132  12:34  Supply Depot  
  132  12:35  Marauder x2, Marine x4  
  140  12:37  Terran Infantry Armor Level 2  
  140  12:38  Marine x4, Thor  
  140  12:39  Terran Vehicle Weapons Level 1  
  150  12:53  Marine x3, Supply Depot  
  150  12:55  Supply Depot  
  150  12:56  Marine x2, Supply Depot  
  150  12:57  Marauder x2  
  150  12:58  Marine x3  
  162  13:06  Supply Depot  
  162  13:10  Marine  
  163  13:18  Marauder x2  
  167  13:29  Supply Depot  
  163  13:40  Marauder x2  
  159  13:52  Supply Depot  
  77  14:42  Marauder x2  
  77  14:43  Marine x8  
  83  14:48  SCV x2  
  83  14:49  SCV x2  
  87  15:00  SCV x2  
  87  15:01  SCV x2, Marine x8  
  87  15:05  Refinery  
  103  15:07  Refinery  
Show
View Real Time Build Order
Export as new Build Order

madamepipi Zerg 

Build Orders: Hatch First 

Get SALT Encoding   

  12  0:01  Drone  
  13  0:13  Overlord  
  13  0:18  Drone  
  14  0:31  Drone x2  
  16  0:51  Hatchery  
  16  0:53  Drone  
  17  0:57  Drone  
  17  1:01  Drone  
  17  1:03  Extractor  
  17  1:18  Spawning Pool  
  17  1:20  Drone  
  17  1:25  Drone  
  18  1:30  Drone  
  19  1:41  Drone  
  20  1:52  Overlord  
  20  2:06  Zergling x4  
  22  2:12  Zergling x2  
  23  2:23  Zergling x4  
  23  2:32  Metabolic Boost  
  23  2:34  Zergling x4  
  24  2:57  Hatchery  
  22  2:59  Queen x2  
  22  3:03  Drone  
  22  3:04  Drone  
  28  3:08  Drone  
  28  3:10  Drone  
  30  3:21  Zergling x6  
  30  3:22  Zergling x2  
  34  3:28  Overlord  
  35  3:34  Zergling x2  
  35  3:47  Zergling x2  
  35  3:48  Zergling x2  
  37  3:49  Overlord  
  37  3:56  Zergling x2  
  37  4:00  Zergling x2  
  39  4:03  Queen  
  39  4:05  Lair  
  41  4:11  Zergling x4  
  41  4:12  Zergling x2  
  41  4:26  Evolution Chamber  
  41  4:28  Queen  
  41  4:29  Drone  
  41  4:31  Drone  
  42  4:35  Extractor  
  41  4:45  Spore Crawler  
  40  4:47  Spore Crawler  
  40  4:51  Drone x2  
  41  4:54  Drone x2  
  41  4:59  Drone  
  44  5:00  Drone  
  45  5:10  Drone x3  
  48  5:33  Spire  
  47  5:35  Drone  
  47  5:36  Drone x3  
  47  5:39  Drone  
  47  5:40  Drone x2  
  54  5:46  Drone x3  
  54  5:47  Drone  
  58  5:58  Overlord x2  
  58  6:00  Overlord  
  58  6:03  Extractor  
  57  6:06  Zerg Melee Weapons Level 1  
  57  6:07  Extractor  
  56  6:12  Drone  
  56  6:13  Drone  
  58  6:25  Drone x6  
  64  6:37  Overlord x2  
  64  6:42  Extractor x2  
  62  6:47  Mutalisk  
  62  6:48  Mutalisk x3  
  70  6:57  Zerg Flyer Weapons Level 1  
  70  7:07  Drone x5  
  70  7:08  Drone x5  
  80  7:09  Drone  
  81  7:19  Drone  
  82  7:24  Overlord x3  
  82  7:46  Corruptor x4  
  82  7:50  Corruptor  
  92  8:01  Drone x4  
  92  8:02  Drone x3  
  91  8:17  Corruptor x3  
  97  8:28  Spore Crawler  
  97  8:31  Overlord x4  
  96  8:35  Zerg Melee Weapons Level 2  
  96  8:40  Infestation Pit  
  72  9:05  Zergling x2  
  72  9:06  Zergling x14  
  72  9:07  Zergling x12  
  53  9:30  Zergling x2  
  53  9:31  Zergling x6  
  54  9:33  Queen x2  
  49  9:50  Hydralisk Den  
  45  9:57  Hatchery  
  43  10:02  Zergling x2  
  43  10:03  Zergling x10  
  49  10:07  Baneling Nest  
  49  10:09  Hive  
  45  10:39  Hydralisk x6  
  56  10:55  Hydralisk x4  
  56  10:56  Hydralisk  
  66  11:01  Overlord  
  66  11:06  Hatchery  
  65  11:12  Hydralisk x2  
  65  11:13  Hydralisk  
  71  11:20  Zerg Missile Weapons Level 1  
  71  11:28  Centrifical Hooks  
  71  11:40  Hydralisk x4  
  79  11:50  Adrenal Glands  
  79  11:56  Drone x2  
  81  12:02  Overlord  
  81  12:14  Overlord  
  81  12:15  Overlord  
  81  12:18  Drone  
  81  12:19  Drone x2  
  84  12:32  Drone  
  84  12:33  Drone x6  
  84  12:35  Drone  
  92  12:44  Queen  
  94  12:53  Queen  
  94  12:57  Drone x2  
  98  13:01  Hydralisk x2  
  98  13:02  Hydralisk  
  104  13:15  Muscular Augments  
  104  13:23  Lurker Den  
  104  13:25  Hydralisk x2  
  104  13:26  Hydralisk x2  
  111  13:39  Hydralisk  
  90  13:54  Hydralisk x6  
  90  13:55  Hydralisk x2  
  84  14:03  Spore Crawler  
  84  14:08  Spore Crawler  
  67  14:22  Hydralisk  
  67  14:23  Hydralisk x5  
  71  14:29  Spore Crawler  
  54  14:38  Hydralisk x2  
Show
View Real Time Build Order
Export as new Build Order

LePtiTondu Terran 

Build Orders:  

Get SALT Encoding   

  12  0:01  SCV  
  13  0:16  Supply Depot  
  13  0:18  SCV  
  14  0:42  Barracks  
  14  0:44  SCV  
  14  0:48  Refinery  
  15  0:57  SCV  
  16  1:24  Command Center  
  16  1:29  SCV  
  17  1:40  Marine  
  17  1:41  SCV  
  19  2:14  Marine  
  20  2:24  Factory  
  20  2:28  SCV  
  20  2:32  Marine  
  19  2:49  Marine  
  20  3:06  SCV  
  20  3:10  Refinery  
  21  3:15  Barracks Reactor  
  21  3:16  Orbital Command  
  21  3:18  SCV  
  22  3:28  Hellion  
  22  3:30  SCV  
  25  3:35  Engineering Bay  
  25  3:43  SCV  
  26  3:58  Hellion x2  
  30  4:09  SCV  
  31  4:16  Starport  
  31  4:21  SCV  
  36  4:29  Barracks Tech Lab  
  36  4:33  Widow Mine x2  
  36  4:42  Orbital Command  
  36  4:57  Widow Mine  
  38  5:05  Supply Depot x2  
  38  5:18  SCV, Liberator  
  38  5:19  Widow Mine, SCV  
  45  5:28  Supply Depot  
  45  5:30  Supply Depot  
  45  5:31  SCV x2  
  45  5:32  Supply Depot  
  47  5:49  Factory, Marine x2  
  48  5:53  Terran Infantry Weapons Level 1  
  49  6:05  Missile Turret  
  49  6:10  Missile Turret  
  49  6:11  Missile Turret  
  49  6:15  Starport Reactor  
  49  6:22  Marine x2  
  49  6:23  Siege Tank  
  54  6:40  Factory Tech Lab  
  54  6:46  Armory  
  54  6:53  Missile Turret  
  54  6:56  Siege Tank  
  54  6:57  Bunker  
  54  6:59  Refinery  
  57  7:04  Marine x2  
  57  7:06  Siege Tank  
  62  7:28  Siege Tank  
  62  7:38  Cyclone  
  65  7:53  SCV x2  
  65  7:54  Missile Turret  
  67  8:00  Cyclone  
  67  8:05  SCV x2  
  67  8:31  Siege Tank  
  67  8:32  Siege Tank  
  73  8:38  SCV x2  
  75  8:50  SCV x2  
  71  9:02  SCV x2  
  69  9:04  Cyclone x2  
  76  9:12  Marine x2  
  76  9:14  SCV  
  66  9:30  Marine x2  
  65  9:36  Cyclone  
  68  9:41  Siege Tank  
  68  9:48  Marine x2  
  64  10:01  Missile Turret  
  64  10:06  Marine x2  
  66  10:08  Siege Tank  
  66  10:09  Liberator  
  66  10:13  Siege Tank  
  71  10:22  SCV x2  
  73  10:34  SCV x2  
  75  10:39  Marine x2  
  75  10:40  Cyclone  
  75  10:41  Viking  
  82  10:46  Widow Mine, SCV  
  85  10:57  Marine  
  85  11:00  Refinery  
  85  11:03  Marine  
  86  11:04  Supply Depot  
  86  11:05  Viking  
  86  11:06  Supply Depot  
  86  11:07  Supply Depot  
  86  11:08  Supply Depot  
  86  11:09  Supply Depot x2  
  86  11:15  Missile Turret  
  86  11:16  Terran Vehicle Weapons Level 1  
  86  11:21  Armory  
  86  11:25  Supply Depot x2  
  86  11:26  Marine x2, Viking  
  86  11:27  Supply Depot  
  86  11:29  Supply Depot  
  90  11:35  Viking  
  90  11:36  Missile Turret  
  92  11:43  Marine x2  
  94  11:48  Thor  
  94  11:49  Widow Mine  
  102  11:56  Viking  
  104  12:01  Marine x2  
  106  12:10  Widow Mine  
  108  12:25  SCV x2  
  110  12:31  Siege Tank  
  111  12:37  SCV x2  
  111  12:38  Command Center  
  113  12:45  Siege Tank  
  116  13:03  Siege Tank  
  119  13:17  Siege Tank  
  122  13:34  SCV x2  
  122  13:35  Siege Tank  
  124  13:56  Marine x2  
  97  14:14  Marine  
  84  14:29  Marine  
  83  14:31  Siege Tank x2  
  83  14:32  Marine  
  86  14:45  Viking x2  
  90  14:47  Marine  
  90  14:49  Marine  
  85  15:07  Missile Turret  
Tags
 
Add a new tag
Caveats
  • Supply blocks, unpowered buildings, or Contaminate may cause inaccurate times.
  • Supply counts are checked every 10 seconds.